 Dungeon Crawl Stone Soup version 0.22.1-1-ga44c0e5 (webtiles) character file.

116845 sanboga the Severer (level 16, -14/110 HPs)
             Began as a Gargoyle Berserker on Oct 17, 2018.
             Was the Champion of Trog.
             Demolished by an enormous slime creature (49 damage)
             ... on level 3 of the Swamp.
             The game lasted 00:47:02 (28931 turns).

sanboga the Severer (Gargoyle Berserker)           Turns: 28931, Time: 00:47:02

Health: -14/110    AC: 54    Str: 31    XL:     16   Next: 72%
Magic:  16/16      EV:  9    Int:  5    God:    Trog [******]
Gold:   388        SH:  0    Dex:  9    Spells: 15/15 levels left

rFire    + . .     SeeInvis .   a - +9 executioner's axe (protect)
rCold    + + .     Gourm    .   (shield currently unavailable)
rNeg     + + .     Faith    .   b - +8 plate armour {ponderous}
rPois    ∞         Spirit   .   J - +1 hat "Kongeegoca" {rC+ rN+ Str+5 Int-5}
rElec    +         Reflect  .   v - scarf {rC+ rF+}
rCorr    .         Harm     .   (no gloves)
MR       +....                  R - +2 pair of boots of the Assassin {Detection Stab+ Stlth++}
Stlth    ..........             N - amulet of the acrobat
HPRegen  0.28/turn              r - +5 ring of protection
MPRegen  0.15/turn              A - +2 ring of slaying

@: protection aura, flying, slow
A: big wings, negative energy resistance 1, screaming 1, shaggy fur 1,
electricity resistance, unbreathing, petrification resistance, rot immunity,
MP-powered wands, AC +12
a: Stop Flying, Berserk, Trog's Hand, Brothers in Arms, Renounce Religion


You were on level 3 of the Swamp.
You worshipped Trog.
Trog was exalted by your worship.
You were not hungry.

You visited 4 branches of the dungeon, and saw 26 of its levels.
You also visited: Labyrinth and Ice Cave.

You collected 3142 gold pieces.
You spent 2754 gold pieces at shops.

Inventory:

Hand Weapons
 a - a +9 executioner's axe of protection (weapon)
 m - a +9 antimagic executioner's axe
Armour
 b - a +8 plate armour of ponderousness (worn)
 v - a scarf of resistance (worn)
 J - the +1 hat "Kongeegoca" (worn) {rC+ rN+ Str+5 Int-5}
   (You found it in an ice cave)

   It affects your strength (+5).
   It affects your intelligence (-5).
   It protects you from cold.
   It protects you from negative energy.
 R - the +2 pair of boots of the Assassin (worn) {Detection Stab+ Stlth++}
   (You acquired it on level 14 of the Dungeon)

   It makes you much more stealthy.
Jewellery
 r - a +5 ring of protection (left hand)
 A - a +2 ring of slaying (right hand)
 H - an uncursed ring of protection from fire
 M - an uncursed ring of protection from cold
 N - an amulet of the acrobat (around neck)
Wands
 l - a wand of acid (8)
 s - a wand of polymorph (11)
 t - a wand of scattershot (12)
 w - a wand of digging (20)
 z - a wand of enslavement (28)
 B - a wand of clouds (11)
 C - a wand of random effects (23)
 E - a wand of iceblast (22)
 F - a wand of paralysis (23)
 P - a wand of flame (44)
 Q - a wand of disintegration (15)
Scrolls
 e - a scroll of enchant armour
 f - 8 scrolls of teleportation
 g - a scroll of silence
 i - a scroll of holy word
 k - 6 scrolls of remove curse
 u - 4 scrolls of fog
 y - 3 scrolls of fear
 D - 4 scrolls of magic mapping
 O - 15 scrolls of identify
Potions
 d - 3 potions of might
 h - 3 potions of agility
 j - a potion of ambrosia
 n - 4 potions of resistance
 o - 3 potions of berserk rage
 p - 6 potions of curing
 q - 2 potions of haste
 x - 2 potions of magic
 G - 6 potions of heal wounds
 K - a potion of invisibility
Miscellaneous
 I - a phantom mirror
Comestibles
 c - 50 rations


   Skills:
 + Level 15.9 Fighting
 * Level 18.3 Axes
 + Level 15.7 Armour
 - Level 1.5 Dodging


You had 15 spell levels left.
You didn't know any spells.
Your spell library was empty.

Dungeon Overview and Level Annotations

Branches:
Dungeon (15/15)            Temple (0/1) D:6            Lair (6/6) D:8
  Swamp (3/4) Lair:3        Snake (0/4) Lair:4        Slime (0/5) Lair:6
    Orc (2/2) D:12            Elf (0/3) Orc:2        Vaults (0/5) D:13
 Depths (0/5) D:15

Altars:
Elyvilon
Fedhas
Kikubaaqudgha
Vehumet
Beogh

Shops:
D:4 (   D:6 [?:!   D:11 *   D:13 (}*(   Orc:2 !}(?


Innate Abilities, Weirdness & Mutations

You are resistant to torment.
Your stone body is resilient. (AC +12)
You are immune to poison.
Your large and strong wings let you fly indefinitely.
You resist negative energy. (rN+)
You are resistant to electric shocks. (rElec)
You can survive without breathing.
You are immune to petrification.
You are immune to rotting.
You occasionally shout uncontrollably at your foes.
You are covered in fur. (AC +1)
You expend magic power (3 MP) to strengthen your wands.


Message History

The enormous slime creature is severely wounded.
You completely miss the slime creature. You closely miss the tyrant leech.
The slime creature hits you but does no damage.
The enormous slime creature hits you!!!
Ouch! That really hurt!
The tyrant leech bites you!
A tyrant leech comes into view.
You are too injured to fight recklessly!
You slice the enormous slime creature!!
The enormous slime creature is severely wounded.
You slice the tyrant leech!! You barely miss the slime creature.
The slime creature hits you but does no damage.
The enormous slime creature hits you but does no damage.
The tyrant leech bites you but does no damage.
You slice the enormous slime creature!!
The enormous slime creature is almost dead.
You slice the tyrant leech!! You slash the slime creature!
The slime creature hits you but does no damage.
The enormous slime creature hits you!!!
You die...

♣.≈≈...♣♣
♣≈≈≈....♣
♣≈≈≈.≈≈.♣
♣♣.≈≈≈≈.♣
♣≈≈≈≈.≈♣
♣♣.≈≈≈?♣♣
♣..≈≈≈≈♣
♣..≈≈≈♣♣
♣♣@≈≈≈.♣
♣.≈JwJ≈≈≈.≈≈≈
♣.≈≈≈.≈♣≈..≈.§≈
♣....≈♣♣♣♣♣≈w≈≈≈
...≈≈≈. ...≈≈
≈.≈≈≈≈. ..≈..
≈≈≈≈≈≈. ♣♣ ...
≈≈≈≈≈≈. ...


You could see 2 tyrant leeches, an enormous slime creature and a slime creature.

Vanquished Creatures
  2 thorn hunters
  A fire giant (D:15)
  A minotaur (Lab)
  The ghost of Paterick the Tainter, a journeyman NaVM of Ru (D:12)
  Josephine (D:11)
  3 ogre magi
  The ghost of fleckers the Cleaver, a journeyman MiBe of Trog (Lair:1)
  An ice dragon (D:15)
  A fire dragon (Lair:6)
  4 hydras
  The ghost of gery900 the Geomancer, a journeyman GrEE of Vehumet (Lair:3)
  3 centaur warriors
  2 catoblepae
  3 alligators
  5 two-headed ogres
  3 death yaks (Lair:4)
  3 tengu warriors (D:13)
  A deep elf knight (D:13)
  Nergalle (Lair:2)
  A skeletal warrior (D:13)
  3 unseen horrors
  A glowing orange brain (D:15)
  2 wizards (D:15)
  A swamp dragon (Swamp:3)
  A shambling mangrove (Swamp:1)
  A lindwurm (Lair:6)
  5 orc knights
  A necromancer (IceCv)
  An oklob plant (Lair:5)
  10 orc sorcerers
  6 deep elf magi
  8 ugly things
  6 cyclopes
  A centaur zombie (D:13)
  An ice statue (IceCv)
  5 manticores
  9 black mambas
  2 molten gargoyles (Lair:6)
  12 spiny frogs
  5 centaur skeletons
  A gargoyle (D:13)
  9 freezing wraiths (IceCv)
  5 kobold demonologists
  3 rime drakes
  An efreet (D:13)
  8 komodo dragons
  15 trolls
  2 polar bears
  A queen bee (Lair:6)
  2 hornets
  3 meliai (Lair:6)
  A harpy skeleton (D:15)
  4 tyrant leeches
  14 hippogriffs
  3 bog bodies
  8 blink frogs
  19 slime creatures
  A meliai zombie (D:13)
  2 vampires
  2 spriggans
  7 wraiths
  2 shadows
  4 wyverns
  A water elemental (D:15)
  40 yaks
  4 hungry ghosts
  6 basilisks
  3 steam dragons
  17 vampire mosquitoes
  A death yak simulacrum (IceCv)
  6 wargs
  4 nagas (Lair:4)
  A soldier ant (D:10)
  17 insubstantial wisps
  4 hell hounds (Lair:6)
  6 swamp worms
  10 water moccasins
  3 acid dragons
  11 porcupines
  30 orc warriors
  4 swamp drakes
  12 ice beasts
  4 phantoms
  5 sky beasts
  An eye of draining (D:12)
  5 black bears (D:8)
  16 wolves
  16 ogres
  8 centaurs
  13 crocodiles
  8 big kobolds
  20 bullfrogs
  Blork the orc (D:4)
  2 wyvern skeletons (D:13)
  2 water moccasin skeletons
  22 killer bees
  2 scorpions
  3 troll zombies (D:12)
  10 wights
  4 crimson imps
  A bullfrog zombie (D:12)
  4 draconian simulacra (IceCv)
  5 lava snakes (Lair:6)
  2 quasits
  16 jellies
  2 bullfrog skeletons
  8 hounds
  24 orc priests
  37 orc wizards
  3 iguanas
  14 worker ants
  4 spriggan simulacra (IceCv)
  5 troll simulacra (IceCv)
  A polar bear simulacrum (IceCv)
  2 wolf simulacra (IceCv)
  5 ogre zombies (D:12)
  4 centaur simulacra (IceCv)
  A worker ant zombie (D:9)
  9 gnolls
  3 naga simulacra (IceCv)
  14 adders
  6 shadow imps
  24 white imps
  3 oozes
  3 adder skeletons
  2 worms
  A dart slug (D:2)
  4 leopard geckos
  119 orcs
  A ball python (D:4)
  9 bats
  3 giant cockroaches
  9 goblins
  6 hobgoblins
  6 jackals
  9 quokkas
  6 frilled lizards
  A goblin skeleton (D:12)
  A goblin zombie (D:12)
  A hobgoblin skeleton (D:12)
  2 hobgoblin zombies (D:12)
  22 kobolds
  A leopard gecko zombie (D:8)
  3 orc skeletons (D:12)
  17 orc zombies (D:12)
  A quokka zombie (D:5)
  5 rats
  2 fungi
990 creatures vanquished.

Vanquished Creatures (collateral kills)
  2 spriggans (Lair:1)
  A freezing wraith (IceCv)
  A hornet (Lair:1)
4 creatures vanquished.

Vanquished Creatures (others)
  A quokka (D:12)
  6 fungi
  5 plants (Lair:1)
12 creatures vanquished.

Grand Total: 1006 creatures vanquished

Notes
Turn   | Place    | Note
-------+----------+-------------------------------------------
     0 | D:1      | sanboga the Gargoyle Berserker began the quest for the Orb.
     0 | D:1      | Reached XP level 1. HP: 14/14 MP: 1/1
   152 | D:1      | Reached XP level 2. HP: 19/19 MP: 2/2
   230 | D:1      | Reached skill level 3 in Axes
   537 | D:1      | Gained mutation: You occasionally shout uncontrollably at
                  | your foes. [potion of mutation]
   537 | D:1      | Gained mutation: You are covered in fur. (AC +1) [potion of
                  | mutation]
   537 | D:1      | Gained mutation: You expend magic power (3 MP) to
                  | strengthen your wands. [potion of mutation]
   578 | D:2      | Reached XP level 3. HP: 23/23 MP: 3/3
   710 | D:2      | Reached ** piety under Trog
   839 | D:2      | Reached XP level 4. HP: 18/29 MP: 4/4
  1466 | D:3      | Reached skill level 4 in Axes
  1466 | D:3      | Reached XP level 5. HP: 33/33 MP: 5/5
  1678 | D:3      | Reached *** piety under Trog
  1681 | D:3      | Reached XP level 6. HP: 19/39 MP: 6/6
  2298 | D:4      | Found Siemiy's Antique Weapon Shoppe.
  2362 | D:4      | Reached skill level 5 in Axes
  2561 | D:4      | Reached skill level 5 in Fighting
  2561 | D:4      | Reached XP level 7. HP: 44/44 MP: 7/7
  2734 | D:4      | Noticed a steam dragon
  2744 | D:4      | Killed a steam dragon
  2799 | D:4      | Reached skill level 6 in Axes
  2827 | D:4      | Noticed Blork the orc
  2852 | D:4      | Killed Blork the orc
  2852 | D:4      | Reached skill level 5 in Armour
  3671 | D:5      | Entered Level 5 of the Dungeon
  3707 | D:5      | Reached XP level 8. HP: 51/51 MP: 8/8
  3924 | D:5      | Reached **** piety under Trog
  4066 | D:6      | Found Locs's Book Shoppe.
  4414 | D:6      | Found Zeaha's Armour Shoppe.
  4547 | D:6      | Found Oqathut's Magic Scroll Shoppe.
  4550 | D:6      | Bought a scroll of silence for 90 gold pieces
  4550 | D:6      | Bought a scroll of identify for 24 gold pieces
  4721 | D:6      | Reached skill level 7 in Axes
  4947 | D:6      | Reached XP level 9. HP: 56/56 MP: 9/9
  5041 | D:6      | Found a staircase to the Ecumenical Temple.
  5183 | D:6      | Found Raasab's Distillery.
  5186 | D:6      | Bought a potion of resistance for 100 gold pieces
  5186 | D:6      | Bought a potion of berserk rage for 50 gold pieces
  5186 | D:6      | Bought a potion of curing for 30 gold pieces
  5697 | D:7      | Reached skill level 8 in Axes
  6521 | D:8      | Found a blossoming altar of Fedhas.
  6642 | D:8      | Reached skill level 9 in Axes
  6719 | D:8      | Reached ***** piety under Trog
  6721 | D:8      | Reached XP level 10. HP: 57/64 MP: 10/10
  6733 | D:8      | Found a staircase to the Lair.
  7234 | D:8      | Noticed a two-headed ogre
  7241 | D:8      | Killed a two-headed ogre
  7241 | D:8      | Reached skill level 10 in Axes
  7476 | D:9      | Paralysed by fainting for 6 turns
  7679 | D:6      | Bought a scroll of remove curse for 36 gold pieces
  7825 | D:9      | Received a gift from Trog
  7913 | D:9      | Reached XP level 11. HP: 55/71 MP: 11/11
  7918 | D:9      | Reached skill level 11 in Axes
  7953 | D:9      | Killed an unseen horror
  8302 | D:9      | Reached skill level 10 in Fighting
  8427 | D:10     | Entered Level 10 of the Dungeon
  8895 | D:10     | Identified the Volume of the Lost Scars
  9161 | D:11     | Reached skill level 10 in Armour
  9164 | D:11     | Received a gift from Trog
  9248 | D:11     | Noticed Josephine
  9260 | D:11     | Reached skill level 12 in Axes
  9261 | D:11     | Noticed a cyclops
  9266 | D:11     | Killed Josephine
  9273 | D:11     | Killed a cyclops
  9547 | D:11     | Found Kiravag's General Store.
  9553 | D:11     | Reached XP level 12. HP: 67/79 MP: 12/12
  9792 | D:11     | Noticed a two-headed ogre
  9803 | D:11     | Killed a two-headed ogre
 10250 | Lair:1   | Entered Level 1 of the Lair of Beasts
 10302 | Lair:1   | Found a labyrinth entrance.
 10314 | Lab      | Entered a labyrinth
 10419 | Lab      | Noticed a minotaur
 10437 | Lab      | Killed a minotaur
 10437 | Lab      | Reached skill level 13 in Axes
 10440 | Lab      | Got a scintillating tin amulet
 10739 | Lab      | Identified the amulet of Biufittedgh {RegenMP rPois} (You
                  | found it in a labyrinth)
 11036 | Lair:1   | Found a white marble altar of Elyvilon.
 11084 | Lair:1   | Found a runed door.
 11085 | Lair:1   | Noticed a spriggan rider
 11085 | Lair:1   | Noticed fleckers's ghost (journeyman MiBe)
 11298 | Lair:1   | Killed fleckers's ghost
 11320 | Lair:1   | Killed a spriggan rider
 11968 | Lair:2   | Noticed Nergalle
 11978 | Lair:2   | Killed Nergalle
 12034 | Lair:2   | Found a frozen archway.
 12067 | IceCv    | Entered an ice cave
 12582 | IceCv    | Reached XP level 13. HP: 49/86 MP: 13/13
 13074 | IceCv    | Found an ancient bone altar of Kikubaaqudgha.
 13479 | IceCv    | Reached skill level 14 in Axes
 13505 | IceCv    | Received a gift from Trog
 14036 | IceCv    | Got a jewelled hat
 14042 | IceCv    | Identified the +1 hat "Kongeegoca" {rC+ rN+ Str+5 Int-5}
                  | (You found it in an ice cave)
 14375 | D:11     | Bought the +4 battleaxe "Ziseff" {flame, -Tele rC+ rN+
                  | Dex+3} for 657 gold pieces
 15506 | Lair:3   | Found a runed door.
 15507 | Lair:3   | Noticed gery900's ghost (journeyman GrEE)
 15526 | Lair:3   | Killed gery900's ghost
 15737 | Lair:3   | Found a staircase to the Swamp.
 16419 | Lair:4   | Found a staircase to the Snake Pit.
 16541 | Lair:4   | Received a gift from Trog
 17313 | Lair:5   | Reached skill level 15 in Axes
 17763 | Lair:6   | Entered Level 6 of the Lair of Beasts
 17820 | Lair:6   | Gained mutation: Your large and strong wings let you fly
                  | indefinitely. [Gargoyle growth]
 17820 | Lair:6   | Reached XP level 14. HP: 79/94 MP: 14/14
 18369 | Lair:6   | Found a large runed door.
 18369 | Lair:6   | Found a large runed door.
 18779 | Lair:6   | Received a gift from Trog
 18795 | Lair:6   | Found a staircase to the Slime Pits.
 18810 | Lair:6   | Reached ****** piety under Trog
 19802 | D:12     | Found a staircase to the Orcish Mines.
 20100 | Orc:1    | Entered Level 1 of the Orcish Mines
 20141 | Orc:1    | Received a gift from Trog
 20424 | Orc:1    | Reached skill level 16 in Axes
 20558 | Orc:1    | Found a roughly hewn altar of Beogh.
 20652 | Orc:2    | Entered Level 2 of the Orcish Mines
 21072 | Orc:2    | Found a staircase to the Elven Halls.
 21177 | Orc:2    | Received a gift from Trog
 21401 | Orc:2    | Found Icofoniw's Magic Scroll Shoppe.
 21414 | Orc:2    | Bought a scroll of acquirement for 884 gold pieces
 21414 | Orc:2    | Bought a scroll of enchant weapon for 127 gold pieces
 21438 | Orc:2    | Found an ancient bone altar of Kikubaaqudgha.
 21506 | Orc:2    | Found Alofreto's Antique Weapon Emporium.
 21518 | Orc:2    | Paralysed by an orc sorcerer for 3 turns
 21529 | Orc:2    | Found a radiant altar of Vehumet.
 21531 | Orc:2    | Reached XP level 15. HP: 99/100 MP: 5/15
 21707 | Orc:2    | Found Ogil's Gadget Shoppe.
 21707 | Orc:2    | Found a roughly hewn altar of Beogh.
 21734 | Orc:2    | Found Baec's Distillery.
 21743 | Orc:2    | Bought a potion of heal wounds for 75 gold pieces
 21743 | Orc:2    | Bought a potion of heal wounds for 75 gold pieces
 21743 | Orc:2    | Bought a potion of ambrosia for 120 gold pieces
 21899 | Orc:2    | Received a gift from Trog
 21917 | Orc:2    | Got a crystal battleaxe {god gift}
 21918 | Orc:2    | Identified the +5 battleaxe "Secret Weapon" {chop, MR-
                  | Str+4 Int+4} (Trog gifted it to you on level 2 of the
                  | Orcish Mines)
 22949 | D:12     | Found a white marble altar of Elyvilon.
 22984 | D:12     | Found a runed gate.
 22986 | D:12     | Found a runed gate.
 22987 | D:12     | Found a runed gate.
 22990 | D:12     | Noticed Paterick's ghost (journeyman NaVM)
 22992 | D:12     | Found a roughly hewn altar of Beogh.
 23029 | D:12     | Killed Paterick's ghost
 23036 | D:12     | Got a translucent battleaxe {vamp}
 23036 | D:12     | Got a jewelled plate armour
 23047 | D:12     | Identified the cursed +1 plate armour of Unoi {rElec rC+
                  | Int+4 Slay-3} (You took it off an orc knight on level 12 of
                  | the Dungeon)
 23079 | D:12     | Identified the cursed +3 battleaxe of Trial by Ordeal
                  | {vamp, rElec rF+} (You took it off an orc knight on level
                  | 12 of the Dungeon)
 23442 | D:13     | Received a gift from Trog
 23506 | D:13     | Found a gate to the Vaults.
 23689 | D:13     | Found Xoagov's Antique Weapon Boutique.
 23693 | D:13     | Found Yciwk's Assorted Antiques.
 23704 | D:13     | Bought a scroll of enchant armour for 232 gold pieces
 23747 | D:13     | Found Omack's Gadget Emporium.
 23935 | D:13     | Reached skill level 17 in Axes
 23943 | D:13     | Paralysed by fainting for 10 turns
 23959 | D:13     | Paralysed by fainting for 12 turns
 23993 | D:13     | Found Reonk's Weapon Emporium.
 24312 | D:14     | Found the +2 pair of boots of the Assassin {Detection Stab+
                  | Stlth++}
 24731 | D:14     | Reached skill level 15 in Fighting
 25027 | D:15     | Entered Level 15 of the Dungeon
 25438 | D:15     | Received a gift from Trog
 25449 | D:15     | Reached skill level 15 in Armour
 25466 | D:15     | Reached XP level 16. HP: 70/108 MP: 16/16
 26023 | Orc:2    | Bought a scroll of enchant weapon for 127 gold pieces
 26023 | Orc:2    | Bought a scroll of enchant weapon for 127 gold pieces
 26360 | D:15     | Found a staircase to the Depths.
 27221 | Swamp:1  | Entered Level 1 of the Swamp
 27366 | Swamp:1  | Received a gift from Trog
 27674 | Swamp:1  | Reached skill level 18 in Axes
 27746 | Swamp:1  | Noticed a thorn hunter
 27756 | Swamp:1  | Killed a thorn hunter
 28520 | Swamp:3  | Noticed a thorn hunter
 28529 | Swamp:3  | Killed a thorn hunter
 28931 | Swamp:3  | Demolished by an enormous slime creature

Skill      XL: |  1  2  3  4  5  6  7  8  9 10 11 12 13 14 15 16 |
---------------+-------------------------------------------------+-----
Axes           | 3 4 5 6 7 9 10 12 13 15 16 17 18 | 18.3
Armour         | 3 4 5 6 7 9 10 11 12 14 15 | 15.7
Fighting       | 4 5 6 8 9 10 12 13 14 15 | 15.9
Dodging        | |  1.5

Action                   |  1- 3 |  4- 6 |  7- 9 | 10-12 | 13-15 | 16-18 || total
-------------------------+-------+-------+-------+-------+-------+-------++-------
Melee: Hand axe          |   109 |   196 |   431 |   197 |       |       ||   933
       Battleaxe         |       |       |       |   444 |   787 |       ||  1231
       Executioner's axe |       |       |       |       |   326 |   294 ||   620
Invok: Berserk           |     1 |     3 |     2 |     4 |     3 |       ||    13
       Brothers in Arms  |       |       |       |     1 |     1 |       ||     2
       Trog's Hand       |       |       |       |       |     1 |       ||     1
 Abil: Fly               |       |       |       |       |     1 |       ||     1
  Use: Potion            |     4 |     2 |     1 |     1 |     2 |       ||    10
       Scroll            |       |     4 |    11 |    10 |    18 |     5 ||    48
  Eat: Chunk             |       |     9 |     9 |    23 |    32 |     6 ||    79
       Ration            |       |       |     2 |     2 |     6 |     2 ||    12
Armor: Animal skin       |    14 |       |       |       |       |       ||    14
       Leather armour    |    41 |       |       |       |       |       ||    41
       Plate armour      |       |   199 |   412 |   678 |  1337 |   313 ||  2939
       Chain mail        |       |     5 |       |       |       |       ||     5
Dodge: Dodged            |    82 |    86 |   197 |   317 |   778 |   162 ||  1622
